 Dungeon Crawl Stone Soup version 0.21-a0-511-g5c865af (webtiles) character file.

39 Hafrunt the Firebug (level 3, 0/26 HPs)
             Began as a Draconian Fire Elementalist on Dec 1, 2017.
             Slain by a quasit (1 damage)
             ... on level 1 of the Abyss.
             The game lasted 00:04:38 (853 turns).

Hafrunt the Firebug (Draconian Fire Elementalist)    Turns: 853, Time: 00:04:38

Health: 0/26       AC:  5    Str: 10      XL:     3   Next: 26%
Magic:  2/6        EV: 12    Int: 16      God:
Gold:   77         SH:  0    Dex:  6 (11) Spells: 3/6 levels left

rFire    . . .     SeeInvis .   l - +0 whip (venom)
rCold    . . .     Gourm    .   (no shield)
rNeg     . . .     Faith    .   (armour unavailable)
rPois    .         Spirit   .   (helmet restricted)
rElec    .         Reflect  .   (no cloak)
rCorr    .         Harm     .   (no gloves)
MR       .....                  (no boots)
Stlth    +.........             (no amulet)
HPRegen  0.08/turn              (no ring)
MPRegen  0.10/turn              (no ring)

@: no status effects
A: unfitting armour, cold-blooded, AC +5
a: no special abilities


You were on level 1 of the Abyss.
You were hungry.

You visited 1 branch of the dungeon, and saw 2 of its levels.
You visited the Abyss 1 time.

You collected 77 gold pieces.

Inventory:

Hand Weapons
 c - a +2 whip of distortion
 l - a +0 whip of venom (weapon)
Missiles
 g - 18 bolts
 h - 8 curare-tipped needles
Scrolls
 i - a scroll of amnesia {unknown}
 j - a scroll of remove curse {unknown}
Potions
 e - 2 potions of curing {unknown}
 k - a potion of brilliance {unknown}
Books
 a - a book of Flames

   Spells                             Type                      Level
   a - Flame Tongue                   Conjuration/Fire             1
   b - Throw Flame                    Conjuration/Fire             2
   c - Conjure Flame                  Conjuration/Fire             3
   d - Inner Flame                    Hexes/Fire                   3
   e - Sticky Flame                   Conjuration/Fire             4
   f - Fireball                       Conjuration/Fire             5
Comestibles
 b - a bread ration
 d - 3 chunks of flesh
 f - a meat ration


   Skills:
 - Level 2.0 Dodging
 - Level 2.0 Stealth
 + Level 2.4 Spellcasting
 + Level 1.8 Conjurations
 + Level 3.4 Fire Magic


You had 3 spell levels left.
You knew the following spells:

 Your Spells              Type           Power        Failure   Level  Hunger
a - Flame Tongue          Conj/Fire      ##...        7%          1    #......
b - Throw Flame           Conj/Fire      ##....       10%         2    ###....


Dungeon Overview and Level Annotations

Branches:
Dungeon (2/15)

Altars:


Innate Abilities, Weirdness & Mutations

Your plain brown scales are hard. (AC +5)
You cannot fit into any form of body armour.
You are cold-blooded and may be slowed by cold attacks.


Message History

You miss the quasit.
The quasit is heavily wounded.
The quasit completely misses you. The quasit closely misses you.
The quasit barely misses you. x2; The quasit completely misses you.
The quasit claws you but does no damage.
You closely miss the quasit.
The quasit is heavily wounded.
The quasit bites you but does no damage.
The quasit barely misses you. x2
Your magical contamination has completely faded away.
You barely miss the quasit.
The quasit is heavily wounded.
The quasit barely misses you. The quasit misses you.
The quasit completely misses you. The quasit misses you.
The quasit barely misses you. The quasit closely misses you.
You closely miss the quasit.
The quasit is heavily wounded.
The quasit bites you but does no damage.
The quasit misses you. The quasit claws you.
You die...

....#
........#
...
.'........
...# ..
.... .
....##.#
##.# .
##.# ###.
... .
##........
# # #.##.
.#..
..#..5## #
#. ..
.##@# ..#.
# ### ###
. .


You could see a quasit.

Vanquished Creatures
  2 dart slugs (D:1)
  A leopard gecko (D:1)
  3 giant cockroaches (D:1)
  6 goblins (D:1)
  4 hobgoblins
  7 kobolds
  A ball python (D:1)
  4 bats (D:1)
  A frilled lizard (D:1)
  4 rats (D:1)
33 creatures vanquished.

Notes
Turn   | Place    | Note
-------+----------+-------------------------------------------
     0 | D:1      | Hafrunt the Draconian Fire Elementalist began the quest for the Orb.
     0 | D:1      | Reached XP level 1. HP: 14/14 MP: 3/3
   108 | D:1      | Reached XP level 2. HP: 20/20 MP: 0/5
   217 | D:1      | Learned a level 2 spell: Throw Flame
   541 | D:1      | Reached XP level 3. HP: 26/26 MP: 1/6
   797 | D:2      | Cast into level 1 of the Abyss (a distortion unwield)
   849 | Abyss:1  | HP: 1/26 [quasit (1)]
   853 | Abyss:1  | Slain by a quasit

Vault maps used:
D:1:      doesnt_arrival_eight_statues
D:2:      fedhas_altar_4, nicolae_ashenzari_panopticon

Skill      XL: |  1  2 |
---------------+-------+-----
Stealth        | 2 |  2.0
Dodging        | 2 |  2.0
Spellcasting   | |  2.4
Conjurations   | |  1.8
Fire Magic     | |  3.4

Action                   || total
-------------------------++-------
Melee: Whip              ||    33
 Cast: Flame Tongue      ||    49
Armor: Skin              ||    48
Dodge: Dodged            ||    92

Table legend:
 A = Spawn XP
 B = Non-spawn XP
 C = Spawn XP percentage of total XP
 D = Spawn monster count
 E = Non-spawn monster count
 F = Spawn count percentage of total count
 G = Total turns spent on level
                    A         B        C        D         E        F      G
               +---------+---------+-------+---------+---------+-------+---------
         Total |       0 |      56 |   0.0 |       0 |      33 |   0.0 |   853
               +---------+---------+-------+---------+---------+-------+---------
           D:1 |       0 |      53 |   0.0 |       0 |      31 |   0.0 |   773
           D:2 |       0 |       3 |   0.0 |       0 |       2 |   0.0 |    24
               +---------+---------+-------+---------+---------+-------+---------
